 Dungeon Crawl Stone Soup version 0.14-a0-2618-g5301534 (webtiles) character file.

43811 Econoterrorist the Bludgeoner (level 14, 0/91 HPs)
             Began as a Gargoyle Fighter on Feb 14, 2014.
             Was the Champion of Okawaru.
             Slain by Wiglaf
             ... wielding a +1,+3 dwarven battleaxe
              (20 damage)
             ... on Level 1 of the Swamp.
             The game lasted 01:26:24 (17804 turns).

Econoterrorist the Bludgeoner (Gargoyle Fighter)   Turns: 17804, Time: 01:26:25

HP   0/91        AC 30     Str 23      XL: 14   Next: 21%
MP  14/14        EV 13     Int  9 (14) God: Okawaru [******]
Gold 1013        SH 24     Dex  9      Spells:  0 memorised, 13 levels left

rFire  . . .     SeeInvis .     s - +1,+0 morningstar (crush)
rCold  + . .     Clarity  .     i - +3 dwarf chain mail
rNeg   + . .     Conserve .     c - -2 shield
rPois  +         rCorr    .     u - +0 helmet
rElec  +         rRot     +     S - -2 cloak
SustAb . .       Spirit   .     M - +2 pair of dwarf gloves {Str+3}
rMut   .         Warding  .     o - -1 pair of elf boots
Saprov . . .     Stasis   .     n - amulet of inaccuracy {unknown}
MR     +....                    U - ring of protection from cold
                                q - +5 ring of evasion

@: flying, somewhat resistant to hostile enchantments, extremely unstealthy
A: large and strong wings, life protection 1, electricity resistance, slow
metabolism 1, unbreathing, petrification resistance, AC +9
a: Stop Flying, Heroism, Finesse, Renounce Religion


You were on level 1 of the Swamp.
You worshipped Okawaru.
Okawaru was exalted by your worship.
You were not hungry.

You visited 4 branches of the dungeon, and saw 19 of its levels.
You also visited: Sewer and Volcano.

You collected 1291 gold pieces.
You spent 278 gold pieces at shops.

Inventory:

Hand weapons
 b - the +3,+1 flail of Ilakhlue {holy, Int+4}
   (Okawaru gifted it to you on level 6 of the Lair of Beasts)

   It has been blessed by the Shining One to cause great damage to the undead
   and demons.
   It affects your intelligence (+4).
 s - a +1,+0 morningstar of crushing (weapon)
Armour
 c - a -2 shield (worn)
 i - a +3 dwarven chain mail (worn)
 j - a -2 fire dragon armour
 o - a -1 pair of elven boots (worn)
 u - a +0 helmet (worn)
 M - a +2 pair of dwarven gloves of strength (worn)
 S - a -2 cloak (worn)
Magical devices
 a - a wand of flame (0)
 f - a wand of paralysis (8)
 g - a wand of digging (17)
 p - a wand of digging (10)
 t - a wand of cold (8)
 A - a wand of teleportation (5)
 I - a wand of digging (17)
Comestibles
 d - 6 bread rations
 h - 5 meat rations
Scrolls
 e - 2 scrolls of enchant weapon I
 l - 2 scrolls of remove curse
 w - a scroll of teleportation
Jewellery
 n - an amulet of inaccuracy (around neck) {unknown}
 q - a +5 ring of evasion (left hand)
 E - the ring of Xom's Hope {rF+ Str+5}
   (You found it on level 4 of the Dungeon)

   [ring of strength]

   It affects your strength (+5).
   It protects you from fire.
 L - an uncursed ring of positive energy
 U - a ring of protection from cold (right hand)
Potions
 k - 3 potions of invisibility
 r - a potion of heal wounds
 B - a potion of resistance
 F - 7 potions of curing
 G - 2 potions of restore abilities {unknown}
 K - a potion of magic {unknown}
 O - 4 potions of might
 P - a potion of agility
 T - 3 potions of berserk rage
Books
 m - a book of Beasts

   Spells                             Type                      Level
   Summon Butterflies                 Summoning                    1
   Sticks to Snakes                   Transmutation                2
   Call Canine Familiar               Summoning                    3
   Ice Form                           Ice/Transmutation            4
   Summon Ice Beast                   Ice/Summoning                4
   Summon Hydra                       Summoning                    7


   Skills:
 - Level 11.8 Fighting
 - Level 16.0 Maces & Flails
 - Level 11.8 Armour
 * Level 13.2 Shields


You had 13 spell levels left.
You didn't know any spells.

Dungeon Overview and Level Annotations

Branches:
Dungeon (8/16)             Temple (1/1) D:7            Lair (8/8) D:8
  Swamp (2/5) Lair:5        Snake (0/5) Lair:3        Slime (0/6) Lair:8

Altars:
Ashenzari
Cheibriados
Dithmenos
Elyvilon
Fedhas
Kikubaaqudgha
Makhleb
Nemelex Xobeh
Okawaru
Sif Muna
Trog
Vehumet
Xom
Yredelemnul
Zin
The Shining One
Jiyva

Shops:
D:7 [   D:8 [%

Annotations:
Swamp:1 Wiglaf


Innate Abilities, Weirdness & Mutations

You are resistant to torment.
You are immune to poison.
You can fly continuously.
Your stone body is very resilient (AC +9).
Your wings are large and strong.
You resist negative energy.
You are resistant to electric shocks.
You can survive without breathing.
You are immune to petrification.
You have a slow metabolism.


Message History

Wiglaf is lightly wounded.
Wiglaf hits you with a dwarven battleaxe!
You sock Wiglaf!
Wiglaf is lightly wounded.
You block Wiglaf's attack.
Wiglaf hits you with a dwarven battleaxe!
* * * LOW HITPOINT WARNING * * *
You fly upwards.
There is a stone staircase leading down here.
Wiglaf misses you. Wiglaf barely misses you.
Wiglaf yells out a battle-cry.
Evoke which item? (* to show all) (? for menu, Esc to quit)
Okay, then.
Wiglaf no longer looks unusually strong.
Wiglaf says, "Ma axe will split yer heid!"
Wiglaf prays in loud words.
Wiglaf seems to grow stronger.
Wiglaf hits you with a dwarven battleaxe!
You die...

.≈≈..≈≈≈≈≈≈...≈♣.)..>...♣
.≈≈≈.♣≈.......≈♣≈≈≈≈.≈.≈♣♣
........≈≈.≈≈.≈≈≈≈...≈...♣
≈≈≈♣.≈≈.≈≈.≈≈.≈≈≈≈≈≈≈...♣♣
≈≈≈≈....≈≈≈≈.≈.§≈≈≈≈≈≈≈.♣
.≈≈≈..♣≈≈≈.≈≈≈....≈≈≈♣≈.♣
≈≈≈≈≈.≈..≈.≈...≈≈≈≈..≈≈.♣
≈≈≈.≈.≈≈≈≈♣≈≈.≈≈≈.≈≈.≈≈.♣
.≈≈♣≈≈≈≈§≈≈≈≈≈≈≈@.≈≈≈...♣♣
≈..≈≈..≈.≈≈≈.≈≈q≈♣≈.≈≈...♣
≈≈≈≈§≈....≈≈.≈≈≈≈≈≈..≈≈.♣♣
..≈≈≈≈≈.≈≈.≈.≈♣...♣..≈≈≈♣
♣.≈≈≈...≈♣.≈≈≈..[......≈♣
♣.≈≈.♣♣.♣≈.≈≈.≈≈♣..≈♣≈≈.♣
♣....♣♣.≈≈....≈≈≈..≈..≈.♣
)≈≈≈..≈≈≈≈.≈≈...≈....≈≈≈♣
♣≈...≈≈≈≈.....≈....≈≈.P≈♣


You could see Wiglaf.

Vanquished Creatures
  A fire dragon (Lair:8)
  6 hydras
  Erica (Lair:4)
  9 death yaks
  2 alligators (Swamp:1)
  An orc high priest (Swamp:1)
  The ghost of CrazyArbalest the Quickloader, an experienced DsHu of Dithmenos (D:8)
  A giant amoeba (Swamp:1)
  2 lindwurms (Lair:8)
  A swamp dragon (Swamp:1)
  Joseph (D:7)
  2 griffons
  4 elephants (Lair:8)
  3 black mambas
  3 spiny frogs
  A spriggan druid (Lair:4)
  A fire drake (Lair:3)
  9 komodo dragons
  5 giant fireflies
  2 spriggans
  6 giant leeches
  2 basilisks (Lair:8)
  15 blink frogs
  A grizzly bear (Lair:4)
  A toenail golem (Volcano)
  20 yaks
  8 fire elementals (Volcano)
  A shark (Lair:5)
  2 wyverns
  2 elephant slugs (Lair:8)
  3 hippogriffs
  A molten gargoyle (Volcano)
  4 wolves (Lair:7)
  Edmund (D:5)
  3 vampire mosquitoes (Swamp:1)
  8 swamp worms (Swamp:1)
  3 sky beasts (D:8)
  7 porcupines
  5 ogres
  2 black bears
  4 giant goldfish (Lair:5)
  An orc warrior (D:6)
  2 ice beasts (D:7)
  2 swamp drakes (Swamp:1)
  A phantom (D:4)
  5 boring beetles
  6 crocodiles
  2 centaurs
  4 giant slugs
  4 water moccasins
  4 brain worms (Lair:8)
  7 giant frogs
  An insubstantial wisp (Swamp:1)
  10 agate snails
  5 killer bees (D:7)
  A yak skeleton (D:4)
  2 electric eels (Lair:5)
  5 hounds
  3 crimson imps
  2 jellies (D:8)
  A siren (Sewer)
  3 orc priests
  A big fish (Lair:5)
  7 orc wizards
  A scorpion (D:6)
  2 iguanas
  2 worker ants
  A mermaid (Sewer)
  16 sheep
  A gnoll (D:1)
  12 adders
  2 giant centipedes
  53 green rats
  7 giant mites
  20 worms
  6 grey rats (Sewer)
  2 giant eyeballs
  10 giant geckos
  An ooze (D:5)
  26 orcs
  6 ball pythons
  21 bats
  6 giant cockroaches
  9 goblins
  11 hobgoblins
  6 jackals
  10 kobolds
  7 quokkas
  A giant gecko skeleton (D:7)
  6 giant newts
  2 orc skeletons
  An orc zombie (D:8)
  36 rats
  2 fungi
  13 plants
533 creatures vanquished.

Vanquished Creatures (others)
  7 drowned souls (Sewer)
  An adder (Lair:5)
  A plant (Lair:8)
9 creatures vanquished.

Grand Total: 542 creatures vanquished

Notes
Turn   | Place    | Note
--------------------------------------------------------------
     0 | D:1      | Econoterrorist, the Gargoyle Fighter, began the quest for the Orb.
     0 | D:1      | Reached XP level 1. HP: 14/14 MP: 1/1
   162 | D:1      | Reached XP level 2. HP: 17/19 MP: 2/2
   787 | D:1      | Reached skill level 4 in Maces & Flails
   787 | D:1      | Reached XP level 3. HP: 23/23 MP: 3/3
  1105 | D:2      | Found a shattered altar of Ashenzari.
  1132 | D:2      | Found a deep blue altar of Sif Muna.
  1197 | D:2      | Reached XP level 4. HP: 25/28 MP: 4/4
  1782 | D:3      | Reached skill level 5 in Maces & Flails
  1906 | D:3      | Reached XP level 5. HP: 32/32 MP: 5/5
  1928 | D:3      | Found a basalt altar of Yredelemnul.
  2161 | D:3      | Reached skill level 6 in Maces & Flails
  2163 | D:3      | Found a glowing drain.
  2170 | Sewer    | Entered a sewer
  2369 | Sewer    | Reached XP level 6. HP: 37/37 MP: 6/6
  2450 | Sewer    | Noticed a drowned soul
  2452 | Sewer    | Noticed a drowned soul
  2455 | Sewer    | Killed a drowned soul
  2458 | Sewer    | Killed a drowned soul
  2459 | Sewer    | Noticed a drowned soul
  2461 | Sewer    | Noticed a drowned soul
  2462 | Sewer    | Noticed a drowned soul
  2463 | Sewer    | Killed a drowned soul
  2464 | Sewer    | Killed a drowned soul
  2465 | Sewer    | Noticed a drowned soul
  2465 | Sewer    | Noticed a drowned soul
  2466 | Sewer    | Noticed a drowned soul
  2466 | Sewer    | Killed a drowned soul
  2466 | Sewer    | Killed a drowned soul
  2468 | Sewer    | Killed a drowned soul
  2470 | Sewer    | Noticed a drowned soul
  2470 | Sewer    | Noticed a drowned soul
  2472 | Sewer    | Noticed a drowned soul
  2472 | Sewer    | Noticed a drowned soul
  2473 | Sewer    | Reached skill level 7 in Maces & Flails
  3099 | D:4      | Got a wavering granite ring
  3100 | D:4      | Identified the ring of Xom's Hope {rF+ Str+5} (You found it on level 4 of the Dungeon)
  3117 | D:4      | Reached XP level 7. HP: 40/42 MP: 7/7
  3819 | D:5      | Entered Level 5 of the Dungeon
  3827 | D:5      | Reached skill level 5 in Fighting
  3827 | D:5      | Reached skill level 5 in Armour
  3827 | D:5      | Reached skill level 5 in Shields
  3827 | D:5      | Reached XP level 8. HP: 49/49 MP: 8/8
  3916 | D:5      | Paralysed by a giant eyeball for 3 turns
  3923 | D:5      | Paralysed by a giant eyeball for 3 turns
  4163 | D:5      | Noticed Edmund
  4165 | D:5      | Found a snail-covered altar of Cheibriados.
  4174 | D:5      | Killed Edmund
  4280 | D:6      | Found a bloodstained altar of Trog.
  4394 | D:6      | Paralysed by a giant eyeball for 2 turns
  4488 | D:6      | Found a radiant altar of Vehumet.
  4518 | D:6      | Reached skill level 8 in Maces & Flails
  5289 | D:7      | Reached XP level 9. HP: 55/55 MP: 9/9
  5383 | D:7      | Reached skill level 9 in Maces & Flails
  5398 | D:7      | Found a staircase to the Ecumenical Temple.
  5408 | Temple   | Entered the Ecumenical Temple
  5458 | Temple   | Became a worshipper of Warmaster Okawaru
  5539 | D:7      | Found Vuklec's Antique Armour Shoppe.
  5539 | D:7      | Noticed Joseph
  5613 | D:7      | Killed Joseph
  5622 | D:7      | Acquired Okawaru's first power
  5855 | D:7      | Gained mutation: You have a slow metabolism. [potion of beneficial mutation]
  5875 | D:8      | Noticed CrazyArbalest's ghost (experienced DsHu)
  5888 | D:8      | Killed CrazyArbalest's ghost
  5888 | D:8      | Reached skill level 10 in Maces & Flails
  5931 | D:8      | Found Psoat's Armour Shop.
  5958 | D:8      | Reached XP level 10. HP: 48/63 MP: 10/10
  5996 | D:8      | Bought a +2 pair of dwarven gloves of strength for 278 gold pieces
  6085 | D:8      | Found a staircase to the Lair.
  6086 | D:8      | Found Stripiugu's Food Boutique.
  6219 | Lair:1   | Entered Level 1 of the Lair of Beasts
  6247 | Lair:1   | Noticed a seven-headed hydra
  6260 | Lair:1   | Killed a seven-headed hydra
  6532 | Lair:1   | Reached skill level 11 in Maces & Flails
  7541 | Lair:2   | You fall through a shaft for 2 floors!
  7589 | Lair:4   | Noticed a young spriggan druid
  7615 | Lair:4   | HP: 3/64 [young spriggan druid/angry trees (6)]
  7711 | Lair:4   | Killed a young spriggan druid
  7722 | Lair:4   | Reached XP level 11. HP: 41/69 MP: 9/11
  8122 | Lair:4   | Noticed Erica
  8148 | Lair:4   | Killed Erica
  8148 | Lair:4   | Reached skill level 12 in Maces & Flails
  8343 | Lair:4   | You fall through a shaft for 3 floors!
  8433 | Lair:7   | Acquired Okawaru's second power
  9786 | Lair:6   | Reached skill level 13 in Maces & Flails
  9788 | Lair:6   | Received a gift from Okawaru
  9799 | Lair:6   | Got a steaming flail {god gift}
  9800 | Lair:6   | Identified the +3,+1 flail of Ilakhlue {holy, Int+4} (Okawaru gifted it to you on level 6 of the Lair of Beasts)
 10049 | Lair:5   | Found a staircase to the Swamp.
 10167 | Lair:5   | Noticed an eight-headed hydra
 10181 | Lair:5   | Killed an eight-headed hydra
 10181 | Lair:5   | Reached skill level 10 in Armour
 10181 | Lair:5   | Reached XP level 12. HP: 67/77 MP: 9/12
 10310 | Lair:5   | Got a smoking long sword
 10311 | Lair:5   | Identified the cursed +9,+9 long sword of Freehold {freeze, rF++ rN+} (You found it on level 5 of the Lair of Beasts)
 10323 | Lair:5   | Noticed a four-headed hydra
 10340 | Lair:5   | Killed a four-headed hydra
 10350 | Lair:5   | Received a gift from Okawaru
 10351 | Lair:5   | Got an encrusted leather armour {god gift}
 10380 | Lair:5   | Reached skill level 10 in Fighting
 10403 | Lair:5   | Noticed a death yak
 10404 | Lair:5   | Noticed a death yak
 10405 | Lair:5   | Noticed a death yak
 10405 | Lair:5   | Noticed a death yak
 10405 | Lair:5   | Noticed a death yak
 10436 | Lair:5   | Killed a death yak
 10452 | Lair:5   | Killed a death yak
 10472 | Lair:5   | Killed a death yak
 10498 | Lair:5   | Killed a death yak
 10512 | Lair:5   | Killed a death yak
 10512 | Lair:5   | Reached skill level 14 in Maces & Flails
 10512 | Lair:5   | Reached skill level 10 in Shields
 11402 | Lair:3   | Found a staircase to the Snake Pit.
 11471 | Lair:3   | Noticed a five-headed hydra
 11480 | Lair:3   | Killed a five-headed hydra
 12070 | Lair:3   | Identified the +4 leather armour of Negligence {Int+2 SInv} (Okawaru gifted it to you on level 5 of the Lair of Beasts)
 12731 | Lair:2   | Received a gift from Okawaru
 12742 | Lair:2   | Got an encrusted scale mail {god gift}
 12760 | Lair:2   | Identified the +3 scale mail of Submission {Str+3 Int-4} (Okawaru gifted it to you on level 2 of the Lair of Beasts)
 12802 | Lair:2   | Noticed a black mamba
 12816 | Lair:2   | Killed a black mamba
 13306 | Lair:8   | Entered Level 8 of the Lair of Beasts
 13319 | Lair:8   | Found a glowing silver altar of Zin.
 13320 | Lair:8   | Found a dark tunnel.
 13335 | Lair:8   | Found a staircase to the Slime Pits.
 13343 | Lair:8   | Found a viscous altar of Jiyva.
 13395 | Volcano  | Entered a volcano
 13687 | Volcano  | Reached XP level 13. HP: 72/84 MP: 13/13
 14043 | Lair:8   | Noticed a four-headed hydra
 14056 | Lair:8   | Killed a four-headed hydra
 14168 | Lair:8   | Noticed a death yak
 14194 | Lair:8   | Killed a death yak
 14194 | Lair:8   | Reached skill level 15 in Maces & Flails
 14205 | Lair:8   | Noticed a death yak
 14206 | Lair:8   | Noticed a death yak
 14206 | Lair:8   | Noticed a death yak
 14208 | Lair:8   | Noticed a six-headed hydra
 14232 | Lair:8   | Killed a death yak
 14240 | Lair:8   | Killed a death yak
 14249 | Lair:8   | Killed a six-headed hydra
 14261 | Lair:8   | Killed a death yak
 15091 | Lair:8   | Received a gift from Okawaru
 15290 | Lair:8   | Noticed a fire dragon
 15306 | Lair:8   | Killed a fire dragon
 16180 | Lair:8   | Reached skill level 16 in Maces & Flails
 16210 | Lair:8   | Noticed an acid blob
 16352 | Swamp:1  | Entered Level 1 of the Swamp
 16748 | Swamp:1  | Gained mutation: Your wings are large and strong. [gargoyle growth]
 16748 | Swamp:1  | Reached XP level 14. HP: 84/91 MP: 14/14
 17723 | Swamp:2  | Noticed Wiglaf
 17804 | Swamp:1  | Slain by Wiglaf

Action                   |  1- 3 |  4- 6 |  7- 9 | 10-12 | 13-15 || total
-------------------------+-------+-------+-------+-------+-------++-------
Melee: Mace              |    81 |    69 |       |       |       ||   150
       Flail             |       |   270 |   343 |   776 |     3 ||  1392
       Morningstar       |       |       |       |   334 |   745 ||  1079
Invok: Heroism           |       |       |       |     5 |     2 ||     7
 Abil: Fly               |       |       |       |       |     1 ||     1
Evoke: Wand              |       |     2 |     1 |     6 |     3 ||    12
  Use: Scroll            |       |     1 |     6 |    23 |     4 ||    34
       Potion            |       |     1 |     1 |     4 |     2 ||     8
 Stab: Invisible         |       |       |       |     2 |       ||     2
